 Dungeon Crawl Stone Soup version 0.30.1-9-gdf580d7c3d (webtiles) character file.

Game seed: 4261505864908553565

595 lonewolfV2 the Blocker (level 7, -13/59 HPs)
             Began as a Formicid Fighter on Oct 20, 2023.
             Was an Initiate of Ashenzari.
             Mangled by an ogre
             ... wielding a +0 giant club
              (19 damage)
             ... on level 4 of the Dungeon.
             The game lasted 00:05:52 (2532 turns).

lonewolfV2 the Blocker (Formicid Fighter)           Turns: 2532, Time: 00:05:53

Health: -13/59     AC: 11    Str: 22    XL:     7   Next: 67%
Magic:  7/7        EV:  6    Int:  8    God:    Ashenzari [......]
Gold:   207        SH:  7    Dex: 13    Spells: 6/6 levels left

rFire   . . .        a - +1 war axe of the Eye in the Sky {heavy, Range, Cun} (curse)
rCold   . . .        c - +1 buckler
rNeg    . . .        l - +0 plate armour
rPois   .            (helmet unavailable)
rElec   .            (no cloak)
rCorr   .            (no gloves)
SInv    +            (no boots)
Will    .....        (no amulet) Stlth
                     (no ring)
HPRegen 0.29/turn    (no ring)
MPRegen 0.10/turn

%: no passive effects
@: no status effects
A: permanent stasis, dig shafts and tunnels, antennae 3, four strong arms
a: Dig, Shaft Self, Renounce Religion, Shatter the Chains


You were on level 4 of the Dungeon.
You worshipped Ashenzari.
Ashenzari was noncommittal.
You visited 1 branch of the dungeon, and saw 4 of its levels.

You collected 207 gold pieces.

Inventory:

Hand Weapons
 a - the cursed +1 war axe of the Eye in the Sky (weapon) {heavy, Range, Cun}

   It has a curse which improves the following skills: Ranged Combat: Ranged
   Weapons and Throwing.
   Cunning:   Dodging and Stealth.
Armour
 b - a +0 scale mail
 c - a +1 buckler (worn)
 l - a +0 plate armour (worn)
Wands
 j - a wand of mindburst (11)
 o - a wand of paralysis (9)
Scrolls
 e - a scroll of fear
Potions
 d - 2 potions of might
 f - a potion of flight {unknown}
 g - 3 potions of mutation
 h - a potion of brilliance {unknown}
 i - 2 potions of heal wounds
 k - 2 potions of attraction
 m - a potion of berserk rage


   Skills:
 + Level 6.8 Fighting
 - Level 2.0 Axes
 - Level 3.2 Armour
 + Level 8.2 Shields


You had 6 spell levels left.
You didn't know any spells.
Your spell library was empty.

Dungeon Overview and Level Annotations

Branches:
Dungeon (4/15)             Temple (0/1) D:4

Altars:
Ashenzari
Elyvilon
Hepliaklqana
Yredelemnul


Innate Abilities, Weirdness & Mutations

You cannot be hasted, slowed, berserked, paralysed or teleported.
You can dig through walls and to a lower floor.
You have a pair of large antennae on your head. (SInv)
Your four strong arms can wield two-handed weapons with a shield.


Message History

The lemure shouts!
An ogre comes into view. It is wielding a +0 giant club.
You slash the lemure!
The lemure is severely wounded.
The lemure hits you. You block the lemure's attack.
You hit the lemure.
The lemure is almost dead.
You slash Pikel!
Pikel is moderately wounded.
Pikel hits you with a +0 whip of freezing.
Pikel freezes you. Pikel hits you but does no damage. x2
You hit Pikel.
Pikel is moderately wounded.
Pikel barely misses you. Pikel hits you but does no damage.
You slice Pikel!!
Pikel is almost dead.
Pikel hits you but does no damage. x2
You slice Pikel!!
You kill Pikel!
With Pikel's spell broken, his former minions thank you for their freedom.
The lemure departs this earthly plane. x4
Your Fighting skill increases to level 6!
Your Shields skill gained 2 levels and is now at level 8!
You have reached level 6!
You have reached level 7!
You barely miss the ogre. You block the ogre's attack.
The ogre hits you with a +0 giant club!!
You barely miss the ogre. You block the ogre's attack.
You barely miss the ogre. The ogre hits you with a +0 giant club!
You hit the ogre.
The ogre is lightly wounded.
You block the ogre's attack. The ogre hits you with a +0 giant club!
* * * LOW HITPOINT WARNING * * *
You slash the ogre!
The ogre is severely wounded.
You block the ogre's attack.
You closely miss the ogre.
The ogre is severely wounded.
The ogre hits you with a +0 giant club!!
You die...

,,,##..................,,,,,**
*,,,#................).,,,,**
**,,**#.................,,,*
**
**,,,*####............[.,,**
**, *,,,**
###..######....,,*****,, *,,**
#...# *,....,,,,,,,,* ,,**
#...# **.....,,,,,,,** ,**
#...####......,,,,**** ,*
##..##@O......,**** **
###..#####..#** #### ****


You could see an ogre.

Vanquished Creatures
  Pikel (D:4)
  2 orc wizards (D:4)
  3 adders
  A worm (D:4)
  9 orcs
  7 ball pythons
  6 endoplasms
  3 giant cockroaches
  3 goblins
  2 hobgoblins (D:1)
  4 jackals (D:4)
  4 kobolds
  3 quokkas
  7 bats
  2 frilled lizards (D:2)
57 creatures vanquished.

Notes
Turn   | Place    | Note
-------+----------+-------------------------------------------
     0 | D:1      | lonewolfV2 the Formicid Fighter began the quest for the
                  | Orb.
     0 | D:1      | Reached XP level 1. HP: 18/18 MP: 1/1
    97 | D:1      | Reached XP level 2. HP: 24/24 MP: 2/2
   472 | D:1      | Reached XP level 3. HP: 26/30 MP: 3/3
  1140 | D:3      | Reached skill level 5 in Shields
  1602 | D:3      | Found a hazy altar of Hepliaklqana.
  1610 | D:3      | Found a broken altar of Ashenzari.
  1623 | D:3      | Reached XP level 4. HP: 32/37 MP: 4/4
  1740 | D:3      | Found a basalt altar of Yredelemnul.
  1794 | D:3      | Became a worshipper of Ashenzari the Shackled
  1944 | D:4      | Found a white marble altar of Elyvilon.
  2211 | D:4      | Reached XP level 5. HP: 43/43 MP: 5/5
  2260 | D:4      | Reached skill level 5 in Fighting
  2260 | D:4      | Reached skill level 6 in Shields
  2518 | D:4      | Noticed a lemure
  2519 | D:4      | Noticed Pikel
  2519 | D:4      | Noticed a lemure
  2519 | D:4      | Noticed a lemure
  2519 | D:4      | Noticed a lemure
  2520 | D:4      | Noticed an ogre
  2526 | D:4      | Killed Pikel
  2527 | D:4      | Reached skill level 8 in Shields
  2527 | D:4      | Reached XP level 6. HP: 50/53 MP: 6/6
  2527 | D:4      | Reached XP level 7. HP: 56/59 MP: 7/7
  2532 | D:4      | Mangled by an ogre

Illustrated notes

Levels and vault maps discovered:
D:1:      scummos_arrival_star, layout_loops_ring, minmay_misc_feat_rugged
D:2:      layout_rooms, serial_curves, eino_curves_04, eino_curves_02
D:3:      layout_basic, grunt_temple_overflow_open
D:4:      layout_layer_cave, elyvilon_altar_4, minmay_temple_entry_offerings,
          cheibrodos_sewer_entry_sluice, kennysheep_generic_room_15, uniq_pikel

Skill      XL: |  1  2  3  4  5 |
---------------+----------------+-----
Fighting       | 4 6 |  6.8
Shields        | 5 8 |  8.2
Axes           | |  2.0
Armour         | |  3.2

Action                     |  1- 3 |  4- 6 |  7- 9 || total
---------------------------+-------+-------+-------++-------
  Melee: War axe           |    96 |    44 |     6 ||   146
 Invoke: Curse Item        |       |     1 |       ||     1
    Use: Scroll            |     9 |     4 |       ||    13
 Armour: Scale mail        |    80 |       |       ||    80
         Plate armour      |       |    53 |       ||    53
  Dodge: Dodged            |    71 |    20 |       ||    91
  Block: Buckler           |    35 |    36 |     4 ||    75
